[Event "Campeonato de España Universitario Relámpago"]
[Site "Zaragoza, Spain"]
[Date "2024.04.24"]
[Round "5.5"]
[White "Mkrtchyan, Levon"]
[Black "Quintin Navarro, Alberto"]
[Result "1/2-1/2"]
[TimeControl "3 min + 2 sg"]
[WhiteFideId "13309560"]
[BlackFideId "2292688"]
[WhiteElo "2145"]
[BlackElo "2289"]

1. e4 c6 2. d4 d5 3. Nc3 dxe4 4. Nxe4 Nf6 5. Nxf6+ exf6 6. c3 Bd6 7. Bd3 O-O 8. Qc2 Re8+ 9. Ne2 h5 10. O-O h4 11. h3 Nd7 12. Bd2 Nf8 13. Rae1 Bd7 14. f4 Qc7 15. f5 Re7 16. c4 c5 17. d5 Rae8 18. Nc3 Bh2+ 19. Kh1 Bg3 20. Rxe7 Rxe7 21. Ne4 Rxe4 22. Bxe4 Nh7 23. Qd3 Ng5 24. Bxg5 fxg5 25.
f6 Qe5 26. Bh7+ Kh8 27. fxg7+ Kxg7 28. Bf5 Bxf5 29. Qxf5 Qe7 30. b3 Bd6 31. Qf2 a6 32. Re1 Qd8 33. Qf5 Bf4 34. Re4 Qa5 35. Rxf4 gxf4 36. Qxf4 Qxa2 37.
Qe5+ Kg6 38. Qe4+ Kg7 39. Qe5+ Kg6 40. d6 Qd2 41. Qe4+ Kg7 42. Qg4+ Kf8 43. Qc8+ Kg7 44. Qg4+ Kf8 45. Qc8+ Kg7 46. Qg4+ Kf8 1/2-1/2

[ePGN "0.1;DGT LiveChess/2.2.6"]

[Event "Campeonato de España Universitario Relámpago"]
[Site "Zaragoza, Spain"]
[Date "2024.04.24"]
[Round "6.2"]
[White "Fernandez Lopez, Ruben"]
[Black "Quispe Arteaga, Gabriel"]
[Result "1-0"]
[TimeControl "3 min + 2 sg"]
[WhiteFideId "24518298"]
[BlackFideId "32059809"]
[WhiteElo "2262"]
[BlackElo "2304"]

1. e4 c5 2. Nc3 e6 3. Nge2 Nc6 4. d4 cxd4 5. Nxd4 Nf6 6. Ndb5 Bb4 7.
a3 Bxc3+ 8. Nxc3 d5 9. exd5 exd5 10. Bd3 O-O 11.
O-O d4 12. Ne2 Bg4 13. f3 Bh5 14. Ng3 Bg6 15. Bg5 Qd6 16.
Qd2 Rfe8 17. Rae1 Nd5 18. Ne4 Qc7 19. Bc4 Nb6 20. Bb3 Kh8 21. Bf4 Qd7 22. Nc5 Qf5 23. Nxb7 Rxe1 24. Rxe1 d3 25. cxd3 Nd4 26. Ba2 h6 27. Kh1 Ne6 28. Bxe6 fxe6 29.
Be5 Kh7 30. d4 Nc4 31. Qb4 Rc8 32. Nd6 Nxd6 33. Qxd6 Rc2 34. Qe7 Bf7 35. b4 Qg6 36. Rg1 Be8 37. Bxg7 Bf7 38. Be5 Rc8 39. Qxa7 Re8 40. Rc1 Qf5 41. h3 Rg8 42. Rc7 Kg6 43. b5 Qg5 44. Rxf7 Kh5 45. Rg7 1-0

[Event "Campeonato de España Universitario Relámpago"]
[Site "Zaragoza, Spain"]
[Date "2024.04.24"]
[Round "6.3"]
[White "Vela Frago, Alberto"]
[Black "Ingunza Curro, Andres"]
[Result "1-0"]
[TimeControl "3 min + 2 sg"]
[WhiteFideId "24531685"]
[BlackFideId "24526371"]
[WhiteElo "2203"]
[BlackElo "2271"]

1. c4 e6 2. Nf3 d5 3. g3 Nf6 4. Bg2 dxc4 5. Qa4+ Nbd7 6. Qxc4 a6 7. Qc2 c5 8. O-O Ra7 9. d4 b5 10. Rd1 Bb7 11. a4 Be4 12. Qd2 Qa8 13. axb5 axb5 14.
Rxa7 Qxa7 15. Nc3 Bc6 16. Ne5 Bxg2 17. Nxd7 Nxd7 18. Kxg2 cxd4 19.
Qxd4 Qxd4 20. Rxd4 Bc5 21. Rd1 b4 22. Ne4 Be7 23. Bf4 f5 24. Nd6+ Kf8 25. Nxf5 Nf6 26. Nxe7 Kxe7 27. Bd6+ Kf7 28. Bxb4 Rb8 29. Bc3 Nd5 30. Be5 Rb3 31. e4 Ne7 32. Rd7 Ke8 33. Rc7 g6 34. Bf6 Ng8 35. Bc3 Ne7 36. Bf6 Ng8 37. Be5 h5 38. Rg7 Ne7 39. Bd6 Nc6 40. Rc7 Nd4 41. Bc5 Nf3 42. Re7+ 1-0

[Event "Campeonato de España Universitario Relámpago"]
[Site "Zaragoza, Spain"]
[Date "2024.04.24"]
[Round "6.4"]
[White "Luque Saiz, Andres"]
[Black "Khudov, Oleksandr"]
[Result "1-0"]
[TimeControl "3 min + 2 sg"]
[WhiteFideId "24510793"]
[BlackFideId "14176432"]
[WhiteElo "2346"]
[BlackElo "2125"]

1. e4 e6 2. d4 d5 3. Nd2 c5 4. Ngf3 Nc6 5. exd5 Qxd5 6. Bc4 Qd8 7. dxc5 Bxc5 8. O-O Nf6 9. Qe2 O-O 10. Ne4 Be7 11. c3 a6 12.
Bf4 b5 13. Bd3 Bb7 14. Nfg5 h6 15. Nxf6+ Bxf6 16. Nh7 Re8 17. Rad1 Qe7 18. Bb1 e5 19. Nxf6+ Qxf6 20. Be3 Rad8 21.
Qg4 Na5 22. Qf5 Qxf5 23. Bxf5 Nc4 24. Bc1 g6 25. Bc2 Kg7 26. b3 Nb6 27. Rxd8 Rxd8 28. Rd1 Rxd1+ 29. Bxd1 f5 30. Kf1 g5 31. g3 Kf6 32. Ke2 Bc6 33. Kd2 e4 34. Bb2 Ke6 35. Be2 Bd5 36. Ba3 f4 37.
Bc5 f3 38. Bf1 Nc4+ 39. bxc4 bxc4 40. Ke3 Ke5 41. Ba7 Be6 42. Bd4+ Kd5 43. Bg7 h5 44. Bf6 g4 45. Kf4 Bf7 46.
Be7 Be8 47. Bf6 Bf7 48. Bd4 Be8 49. Kf5 Bf7 50. Kf6 Be8 51. Ke7 Bg6 52. Kd7 Bf7 53. Ke7 Bg6 54. Kf8 Bf5 55. Kf7 Bd7 56. Ke7 Bf5 57. Kd8 Bg6 58. Kc7 Be8 59. Kb6 Bb5 60. Ka5 Be8 61. Kb4 Bb5 62. a4 Bc6 63.
Bxc4+ Kd6 64. Bxa6 Bd5 65. Bc4 Bc6 66. Bf7 1-0

[Event "Campeonato de España Universitario Relámpago"]
[Site "Zaragoza, Spain"]
[Date "2024.04.24"]
[Round "6.5"]
[White "Domingo Nunez, Alejandro"]
[Black "Garcia Escoda, Marc"]
[Result "1/2-1/2"]
[TimeControl "3 min + 2 sg"]
[WhiteFideId "22245561"]
[BlackFideId "24509655"]
[WhiteElo "2252"]
[BlackElo "2062"]

1. e4 e6 2. Nf3 d5 3. Nc3 Nf6 4. e5 Nfd7 5. d4 c5 6. dxc5 Nc6 7. Bf4 Bxc5 8. Bd3 Be7 9. h4 h6 10. h5 Nc5 11. a3 Qb6 12. Rb1 Nxd3+ 13. cxd3 O-O 14. O-O Bd7 15. Re1 Rfc8 16. Qd2 Bf8 17.
Ne2 a5 18. Be3 Qc7 19. Rbc1 a4 20. Ned4 Qa5 21. Qe2 b5 22. Nxc6 Bxc6 23. Nd4 Bd7 24. Qg4 Kh7 25. Qf4 Be8 26. Bd2 Qb6 27. Nc2 Rc7 28.
Nb4 Rac8 29. Be3 Rxc1 30. Rxc1 Rxc1+ 31. Bxc1 Bxb4 32. Qxb4 d4 33.
Qe7 Qc6 34. Bd2 Qd7 35. Qc5 Qc6 36. Qxd4 Qc2 37. Qe4+ Kg8 38. Bc3 Qd1+ 39. Be1 Qxh5 40. Qa8 f6 41. Qc8 Kf7 42. Qc7+ Kg8 43.
Qc8 fxe5 44. Qxe6+ Bf7 45. Qc8+ Kh7 46. Qc1 Qe2 47. Bc3 Bg6 48. d4 exd4 49. Bxd4 Bh5 50. Bc3 Qd1+ 51. Qxd1 Bxd1 52. f3 g5 53. Kf2 Kg6 54. Ke3 Kf5 55. Bd2 Bb3 56. Bc3 Bc4 57. Bd2 Bb3 58. Bc3 Ke5 59.
Ke4+ 1/2-1/2

[ePGN "0.1;DGT LiveChess/2.2.6"]

[Event "Campeonato de España Universitario Relámpago"]
[Site "Zaragoza, Spain"]
[Date "2024.04.24"]
[Round "7.1"]
[White "Vela Frago, Alberto"]
[Black "Fernandez Lopez, Ruben"]
[Result "1-0"]
[TimeControl "3 min + 2 sg"]
[WhiteFideId "24531685"]
[BlackFideId "24518298"]
[WhiteElo "2203"]
[BlackElo "2262"]

1. c4 e5 2. Nc3 Nc6 3.
Nf3 d6 4. d4 exd4 5. Nxd4 Nge7 6. g3 g6 7. Bg2 Bg7 8. Nxc6 bxc6 9. O-O O-O 10. Qc2 Be6 11. b3 Qd7 12. Rd1 Rab8 13.
Bb2 Bh3 14. Ne4 Bxg2 15. Kxg2 Qe6 16.
Bxg7 Kxg7 17. Qc3+ f6 18.
Ng5 Qf5 19. Qe3 Qxg5 20. Qxe7+ Rf7 21. Qe4 c5 22. Rd5 Qh6 23. h4 Kg8 24. h5 f5 25. Qe6 Qg7 26. hxg6 hxg6 27. Rad1 Qf6 28. Qxf6 Rxf6 29. Kf3 Re8 30.
R1d3 Kf7 31. Re3 Rxe3+ 32. Kxe3 Re6+ 33. Kf3 Kf6 34. Rd2 Re4 35. Rd1 g5 36. e3 g4+ 37. Ke2 Re8 38. Rh1 Kg6 39. Kd3 a5 40. Kc3 Ra8 41.
a3 Rb8 42. Re1 Rh8 43. e4 Rh2 44. exf5+ Kf6 45. Re2 c6 46.
b4 axb4+ 47. axb4 cxb4+ 48. Kxb4 Kxf5 49. Ka5 Rh1 50.
Kb6 c5 51. Rc2 Rd1 52. Re2 Rc1 53.
Kc6 Rxc4 54. Kxd6 Rc1 55. Kd5 c4 56. Re5 Kf6 57. Re4 1-0

[Event "Campeonato de España Universitario Relámpago"]
[Site "Zaragoza, Spain"]
[Date "2024.04.24"]
[Round "7.2"]
[White "Garcia Jimenez, Santiago"]
[Black "Lianes Garcia, Marcos"]
[Result "1/2-1/2"]
[TimeControl "3 min + 2 sg"]
[WhiteFideId "24543241"]
[BlackFideId "32060777"]
[WhiteElo "2053"]
[BlackElo "2382"]

1. c4 g6 2. Nc3 Bg7 3.
g3 c5 4.
e4 Nc6 5. Bg2 d6 6. d3 e5 7. Nge2 Nge7 8. O-O O-O 9. f4 f5 10. Be3 Be6 11. Qd2 Qd7 12. a3 Rad8 13. Nd5 Nd4 14. Bxd4 cxd4 15. b4 fxe4 16.
dxe4 Nxd5 17. cxd5 Bg4 18. Bf3 Bh3 19. Bg2 Bxg2 20. Kxg2 d3 21. Qxd3 exf4 22. Rad1 fxg3 23. hxg3 Be5 24. Rf3 Rxf3 25. Qxf3 Rf8 26. Qe3 Qg4 27. Rf1 Rc8 28. Qf3 Qxf3+ 29. Rxf3 Rc2 30. Kf1 Kg7 31.
Nf4 Bxf4 32. gxf4 Kf6 33. Re3 Rd2 34. e5+ Ke7 35. exd6+ Kxd6 36. Re6+ Kxd5 37. Re7 Kc6 38. Rxh7 Rd3 39. Rh6 Rf3+ 40. Ke2 Rxf4 41. Rxg6+ Kb5 42. Rg5+ Kb6 43. Rg3 Rf7 44. Kd3 Kb5 45. Kc3 Ka4 46. Kb2 b6 47. Ka2 Rf2+ 48. Kb1 Re2 49. Ka1 Kb5 50. Kb1 Kc4 51. Kc1 Ra2 52. Kb1 Rd2 53. Kc1 Rd3 54. Rxd3 Kxd3 55. Kb2 b5 56. Kb3 Kd2 57. a4 a6 58. axb5 axb5 59. Kb2 Ke3 60. Kc3 Ke4 61. Kc2 Kd4 62. Kd2 Ke4 63. Kc2 Ke3 64. Kc3 Ke4 65. Kc2 Ke5 66. Kc3 Ke4 67. Kc2 Kd4 68. Kd2 Kc4 69.
Kc2 Kxb4 70. Kb2 Kc4 71. Kc2 Kb4 72. Kb2 Ka4 73. Ka2 b4 74.
Kb2 b3 75. Kb1 Kb4 76. Kb2 Kc4 77. Kb1 Kc3 78. Kc1 Kb4 79. Kb2 Ka4 80. Kb1 Kb5 81. Kb2 Kc4 82. Kb1 Kc3 83. Kc1 b2+ 84.
Kb1 Kb3 1/2-1/2

[Event "Campeonato de España Universitario Relámpago"]
[Site "Zaragoza, Spain"]
[Date "2024.04.24"]
[Round "7.3"]
[White "Lopez Mulet, Inigo"]
[Black "Luque Saiz, Andres"]
[Result "1/2-1/2"]
[TimeControl "3 min + 2 sg"]
[WhiteFideId "22235620"]
[BlackFideId "24510793"]
[WhiteElo "2347"]
[BlackElo "2346"]

1. Nf3 c5 2. g3 Nc6 3. Bg2 g6 4. O-O Bg7 5. e4 d6 6. d3 e6 7. c3 Nge7 8. Be3 O-O 9. Qd2 f5 10. Bh6 Ne5 11. Bxg7 Nxf3+ 12. Bxf3 Kxg7 13. d4 cxd4 14. Qxd4+ e5 15. Qd3 fxe4 16.
Bxe4 d5 17. Bg2 Be6 18. Nd2 Qb6 19. Rae1 e4 20. Qc2 Nf5 21. c4 Rac8 22. Qb3 Qxb3 23. axb3 Nd4 24. cxd5 Bxd5 25. Bxe4 Bxe4 26. Rxe4 Nf3+ 27. Nxf3 Rxf3 28. Re7+ Rf7 29. Rfe1 Rc2 30. R1e2 Rxe2 31. Rxe2 Rd7 32. Kf1 Kf6 33. Re3 Rd2 34. Re2 Rd3 35.
Re3 Rd2 1/2-1/2

[Event "Campeonato de España Universitario Relámpago"]
[Site "Zaragoza, Spain"]
[Date "2024.04.24"]
[Round "7.4"]
[White "Quispe Arteaga, Gabriel"]
[Black "Bringas Gomez, Artai"]
[Result "1-0"]
[TimeControl "3 min + 2 sg"]
[WhiteFideId "32059809"]
[BlackFideId "24534064"]
[WhiteElo "2304"]
[BlackElo "2179"]

1. c4 e5 2. g3 Nf6 3. Bg2 Bc5 4. Nc3 c6 5. Na4 Be7 6. Nf3 e4 7.
Nd4 d5 8. cxd5 cxd5 9. O-O O-O 10. d3 Nc6 11. Nxc6 bxc6 12. Be3 Ng4 13. dxe4 Nxe3 14. fxe3 Bg5 15. exd5 Bxe3+ 16. Kh1 c5 17. Qd3 Re8 18. Rf3 Bd4 19. e3 Bf6 20. Nxc5 Rb8 21.
Ne4 Be5 22. Raf1 f6 23. b3 Bb7 24. Rd1 Qa5 25. Qd2 Qxd2 26. Rxd2 Rbd8 27. Rf1 Bxd5 28. Rxd5 Rxd5 29. Nxf6+ Bxf6 30. Bxd5+ Kf8 31. e4 Ke7 32. Rc1 Be5 33. Rc6 Bd6 34. Kg2 Rd8 35. Kf3 Kf6 36. Ra6 Rd7 37. Bc4 Ke5 38. Ra5+ Kf6 39. Rf5+ Kg6 40. Rd5 Rd8 41. e5 Rf8+ 42. Ke4 Bb4 43. Rd7 a5 44. Bd3 Kh6 45. e6 Kg5 46. Kd5 Kf6 47. Bxh7 Rh8 48. Rf7+ Kg5 49. h4 Kg4 50. Rxg7+ Kf3 51. Be4+ Ke3 52. e7 Re8 53. Bg6 Rxe7 54. Rxe7+ Bxe7 55. Ke6 Bf8 56. Kf5 Kf3 57. g4 Kg3 58. h5 Kh4 59. g5 Be7 60. h6 Bb4 61. Bf7 Bd2 62. h7 Bc3 63. a3 Bb2 64. b4 a4 65. b5 Bd4 66. b6 Bc3 67. b7 Bd4 68. b8=Q Kh3 69. Ke4 Bf2 70. Kf3 Kh4 71. Qh2+ Kxg5 72. Kxf2 Kf6 73. Qf4+ Kg7 74. Qxa4 Kh8 75. Qb4 Kg7 76. a4 Kh8 77. a5 Kg7 78.
a6 Kh6 79. h8=R+ Kg7 80. Qd4+ Kxf7 81.
a7 Kg6 82. a8=R Kf5 83. Raf8+ Kg6 84. Qg4# 1-0

[Event "Campeonato de España Universitario Relámpago"]
[Site "Zaragoza, Spain"]
[Date "2024.04.24"]
[Round "7.5"]
[White "Garcia Escoda, Marc"]
[Black "Quintin Navarro, Alberto"]
[Result "0-1"]
[TimeControl "3 min + 2 sg"]
[WhiteFideId "24509655"]
[BlackFideId "2292688"]
[WhiteElo "2062"]
[BlackElo "2289"]

1. Nf3 d5 2. g3 c6 3. Bg2 Bg4 4. O-O Nd7 5.
d4 e6 6. h3 Bh5 7. c4 Ngf6 8.
Nc3 Be7 9. b3 O-O 10. Bb2 h6 11. Qd2 Bg6 12. Rad1 Ne4 13. Nxe4 Bxe4 14. Qc3 a5 15. Nd2 Bb4 16. Qc1 Bxg2 17.
Kxg2 a4 18. Qc2 axb3 19. axb3 Qb6 20. Bc3 Nf6 21. f3 Rfd8 22.
c5 Qb5 23. Rfe1 Bxc3 24. Qxc3 Ra2 25. Ra1 Rda8 26. Kf2 Qa6 27.
Rxa2 Qxa2 28. Nf1 Ra3 29. Nd2 Ra7 30. Ke3 Ne8 31. Qb4 Qa6 32.
Nb1 Qa1 33. Qd2 Nc7 34. Nc3 Qa3 35. Qc2 Qb4 36. Rb1 Ra3 37. Na4 Nb5 38. Qd3 g6 39. Nb6 Ra2 40. Nd7 Nc3 41. Rc1 Rxe2+ 42. Kf4 Na2 43. Ra1 Rd2 44. Qb1 Qxd4+ 45. Qd3 Re2+ 46. Rc1 Qb4+ 47. Ke4 0-1

[ePGN "0.1;DGT LiveChess/2.2.6"]

[Event "Campeonato de España Universitario Relámpago"]
[Site "Zaragoza, Spain"]
[Date "2024.04.24"]
[Round "8.1"]
[White "Lianes Garcia, Marcos"]
[Black "Vela Frago, Alberto"]
[Result "1/2-1/2"]
[TimeControl "3 min + 2 sg"]
[WhiteFideId "32060777"]
[BlackFideId "24531685"]
[WhiteElo "2382"]
[BlackElo "2203"]

1. g3 d5 2. Bg2 Nf6 3.
c4 dxc4 4. Qa4+ Nbd7 5. Qxc4 a6 6. Qc2 c5 7. Nf3 Ra7 8. d4 e6 9. O-O b6 10. Rd1 Bb7 11. Nc3 Qa8 12. Ne1 Bxg2
13. Nxg2 cxd4 14. Rxd4 Bc5 15. Rd1 O-O 16. Be3 Rc7 17. a4 Rfc8 18. Qb3 Bxe3 19. Nxe3 Nc5 20. Qb4 Qc6 21. Qf4 Nb3 22. Rab1 b5 23. axb5 axb5 24. Qb4 Nc5 25. Qxb5 Qa8 26. Ra1 Qb8 27. Qxb8 Rxb8 28. Rab1 Nb3 29. Kg2 g6 30. h4 h5 31.
Rd6 Na5 32. Ra1 Nb3 33. Raa6 Nc5 34. Ra2 Rcb7 35. Nc4 Rb4 36. Ne5 Rxb2 37. Rxb2 Rxb2 38. Rd8+ Kg7 39. Rc8 Ncd7 40. Nxd7 Nxd7 41. Rc7 Nf6 42. Kf3 Rc2 43. Nb5 Rb2 44. Nd4 Nd5 45. Rd7 Kf6 46. Ra7 Rb4 47. Nc6 Rb3+ 48. e3 Rc3 49. Nd4 Rc1 50. Rb7 Ra1 51. Nc6 Rd1 52. Nd4 Rd2 53.
Ra7 Nc3 54. Nb3 Rb2 55. Nc1 Rc2 56.
Nd3 Rd2 57. Rd7 Nd1 58. e4 Nxf2 59.
e5+ Kg7 60. Nc5 Rxd7 61. Nxd7 Nd3 62. Ke4 Nb4 63. Nf6 Kf8 64.
Nd7+ Ke7 65. Nf6 Nc6 66. Ng8+ Kd7 67. Nf6+ Kc7 68. Ne8+ Kd8 69. Nf6 Ke7 70. Ng8+ Kf8 71. Nf6 Ne7 72. Nd7+ Kg7 73. Nf6 Nf5 74.
Kf4 Nd4 75. Ne8+ Kf8 76. Nf6 Ke7 77.
Ng8+ Kd7 78. Nf6+ Kd8 79. Ke4 Nc6 80. Kf4 Ne7 81. Ke4 Kc7 82. Nh7 Kd7 83. Nf6+ Kd8 84. Nh7 Nd5 85.
Ng5 Ke7 86. Nf3 f6 87. exf6+ Kxf6 88. Ng5 Ne7 89. Nh7+ Kg7 90.
Ng5 Nf5 91. Kf4 Kf6 92. Ne4+ Kg7 93. Ke5 Ne3 94. Kxe6 Ng4 95.
Ng5 Nh6 96. Ke5 Nf5 97. Kf4 Kf6 98.
Ne4+ Kg7 99. Kg5 Nd4 100. Kf4 Ne6+ 101. Ke5 Nf8 102. Ng5 Nd7+ 103. Kf4 Nf6 104. Ke5 Ng4+ 105. Ke4 Nf6+ 106. Kf4 Ng4 107. Ne4 Nh6 108. Nd6 Nf7 109. Ne8+ Kf8 110. Nf6 Kg7 111. Ne4 Nh6 112. Nc5 Nf7 113. Nd7 Nh6 114. Ne5 Nf5 115.
Nf3 Ne7 116. Ng5 Nd5+ 117. Ke5 Nf6 118. Ne6+ Kf7 119. Nd8+ Ke7 120. Nc6+ Kf7 121. Nd4 Nd7+ 122. Kf4 Nf6 123. Nf3 Nd5+ 124. Kg5 Ne7 125. Nd4 Kg7 126. Kf4 Kf6 127. Nf3 Nf5 128. Ng5 Ne7 129. Ne4+ Kg7 130. Kg5 Nd5 131. Nd6 Nf6 132.
Nc4 Nh7+ 133. Kf4 Kf6 134. Nd6 g5+ 135. hxg5+ Nxg5 136. Ne8+ Kg6 137. Nc7 Nf7 138. Ne6 Kf6 139. Nc5 Nd6 140. Nd7+ Ke6 141. Ne5 Nf5 142.
Ng6 Nxg3 143. Kxg3 h4+ 144. Kxh4 1/2-1/2

[Event "Campeonato de España Universitario Relámpago"]
[Site "Zaragoza, Spain"]
[Date "2024.04.24"]
[Round "8.2"]
[White "Quintin Navarro, Alberto"]
[Black "Lopez Mulet, Inigo"]
[Result "1-0"]
[TimeControl "3 min + 2 sg"]
[WhiteFideId "2292688"]
[BlackFideId "22235620"]
[WhiteElo "2289"]
[BlackElo "2347"]

1. c4 e5 2. Nc3 Bb4 3. Nd5 Bc5 4. e3 Nf6 5. b4 Be7 6. Nxe7 Qxe7 7. Bb2 d6 8. Nf3 O-O 9. Be2 Bg4 10. h3 Bh5 11. d3 Nbd7 12. O-O a5 13. a3 c6 14. Qd2 d5 15. cxd5 cxd5 16. bxa5 Rfd8 17. Qb4 Qe6 18. Rfc1 Qf5 19. Rc7 e4 20. Nd4 Qg5 21. Bxh5 Qxh5 22.
dxe4 dxe4 23. Rxb7 Ne5 24. Qd2 Nd3 25. Bc3 Nd5 26. Bb4 Ra6 27. Qd1 Qg5 28. Qg4 Qf6 29. Rf1 Re8 30. Qe2 h6 31. Qh5 N5xb4 32. axb4 Re5 33. Qg4 Kh7 34. Rc7 Rd6 35.
b5 Nc5 36. b6 Rg5 37. Qe2 Qg6 38. g3 Nd3 39. b7 Rd8 40. Rc8 Rxg3+ 41. fxg3 Qxg3+ 42. Qg2 Qxe3+ 43. Kh1 Qxd4 44. b8=Q Rxc8 45. Qxc8 f6 46. Qf5+ Kh8 47. Qfxe4 1-0

[Event "Campeonato de España Universitario Relámpago"]
[Site "Zaragoza, Spain"]
[Date "2024.04.24"]
[Round "8.3"]
[White "Fernandez Lopez, Ruben"]
[Black "Luque Saiz, Andres"]
[Result "1-0"]
[TimeControl "3 min + 2 sg"]
[WhiteFideId "24518298"]
[BlackFideId "24510793"]
[WhiteElo "2262"]
[BlackElo "2346"]

1. e4 c5 2. Nf3 a6 3. c3 d5 4. exd5 Qxd5 5. d4 Nf6 6. Be2 e6 7.
O-O cxd4 8. cxd4 Nc6 9.
Nc3 Qd6 10. Bg5 Be7 11. Re1 O-O 12. Bd3 h6 13. Bh4 Rd8 14. Ne4 Nxe4 15. Bxe7 Qxe7 16. Bxe4 Qd6 17. Bxc6 Qxc6 18. Rc1 Qd6 19. Qb3 Rb8 20. Ne5 Bd7 21. Red1 Be8 22. a4 Qd5 23. Qb4 Qd6 24. Qb3 b5 25. a5 Rbc8 26. Rxc8 Rxc8 27. h3 Qc7 28. Qb4 Qc2 29.
Re1 Qc7 30. Re3 Qc1+ 31. Kh2 f6 32. Nf3 Qc7+ 33. g3 Qd7 34. h4 Bf7 35. Rc3 Rd8 36. Rc5 Bh5 37. Rxh5 Qc6 38. Qc3 Qe4 39. Rc5 f5 40. Rc8 Rxc8 41. Qxc8+ Kh7 42. Qc3 f4 43. Ne5 fxg3+ 44. Qxg3 Qxd4 45. Qd3+ Qxd3 46.
Nxd3 1-0

[Event "Campeonato de España Universitario Relámpago"]
[Site "Zaragoza, Spain"]
[Date "2024.04.24"]
[Round "8.4"]
[White "Domingo Nunez, Alejandro"]
[Black "Quispe Arteaga, Gabriel"]
[Result "1/2-1/2"]
[TimeControl "3 min + 2 sg"]
[WhiteFideId "22245561"]
[BlackFideId "32059809"]
[WhiteElo "2252"]
[BlackElo "2304"]

1. e4 c5 2. d4 b6 3. d5 g6 4.
c4 Bg7 5. f4 d6 6. Nf3 Bg4 7. Be2 Bxf3 8. Bxf3 Nf6 9. Nc3 O-O 10. O-O Nbd7 11. Re1 Ne8 12.
Qc2 Rb8 13. b3 a6 14. a4 e5 15. f5 Bf6 16. Qd2 Ng7 17. g4 g5 18. h4 h6 19. h5 a5 20. Nb5 1/2-1/2

[Event "Campeonato de España Universitario Relámpago"]
[Site "Zaragoza, Spain"]
[Date "2024.04.24"]
[Round "8.5"]
[White "Garcia Jimenez, Santiago"]
[Black "Galiana Fernandez, Adrian"]
[Result "0-1"]
[TimeControl "3 min + 2 sg"]
[WhiteFideId "24543241"]
[BlackFideId "32010150"]
[WhiteElo "2053"]
[BlackElo "2274"]

1. c4 e6 2. Nc3 d5 3. e3 Nf6 4.
Nf3 Bd6 5. b3 O-O 6. Bb2 b6 7. cxd5 exd5 8. g3 c5 9. Bg2 Nc6 10. O-O Bg4 11. h3 Bh5 12. Ne2 Rc8 13. d4 Qe7 14. Rc1 Rfd8 15. Re1 Ne4 16. dxc5 bxc5 17. Nf4 Bxf4 18.
gxf4 Qd7 19. Qe2 Re8 20. Kh2 d4 21. Qc2 d3 22. Qc4 d2 23. Red1 dxc1=Q 24. Rxd7 Qxb2 25. Ng5 Nxg5 0-1

[ePGN "0.1;DGT LiveChess/2.2.6"]

[Event "Campeonato de España Universitario Relámpago"]
[Site "Zaragoza, Spain"]
[Date "2024.04.24"]
[Round "9.1"]
[White "Vela Frago, Alberto"]
[Black "Quintin Navarro, Alberto"]
[Result "1/2-1/2"]
[TimeControl "3 min + 2 sg"]
[WhiteFideId "24531685"]
[BlackFideId "2292688"]
[WhiteElo "2203"]
[BlackElo "2289"]

1. e4 c6 2. Nf3 d5 3.
d3 dxe4 4. dxe4 Qxd1+ 5. Kxd1 g6 6. c3 Bg7 7. Kc2 Nf6 8. Bd3 Nbd7 9. h3 Nc5 10.
Re1 Nxd3 11. Kxd3 Be6 12. Bf4 O-O-O+ 13. Kc2 Nd7 14.
Nbd2 Nc5 15. Be5 Bxe5 16. Nxe5 f6 17. Nef3 Nd3 18. Rf1 Nf4 19. h4 Nxg2 20. Rg1 Nf4 21. Nd4 Bd7 22. Rae1 e5 23. Ne2 Nxe2 24. Rxe2 Be6 25. f4 exf4 26. Rf2 f5 27. Rxf4 fxe4 28. Nxe4 Bf5 29. Kc1 Rhe8 30. Ng3 Be6 31.
b3 Rd3 32. Ne2 Bxb3 33. axb3 Rxe2 34. Rf7 Rd7 35. Rf3 Re4 36. Rh1 Rde7 37. h5 Re1+ 38. Rxe1 Rxe1+ 39. Kd2 Re7 40. hxg6 hxg6 41. Rf8+ Kc7 42. Rg8 Re6 43. c4 b6 44. Rg7+ Kb8 45. Kc3 Rf6 46. Kd4 Rf3 47. b4 Rb3 48. Rxg6 Kb7 49.
Rg7+ Ka6 50. Rc7 Rxb4 51. Rxc6 Rb1 52. Rc7 Rd1+ 53. Kc3 Rh1 54.
Rg7 Rh3+ 55. Kb4 Rh5 56. Rf7 Rc5 57.
Rg7 Rc8 58. Rh7 Rb8 59. Rg7 Rb7 60.
Rg1 Rf7 61. Rg4 Kb7 62. c5 Re7 63. cxb6 axb6 64. Rh4 Ka6 65. Rh6 Re4+ 66. Kb3 Ka5 67. Rh5+ b5 68. Rh3 Re1 69.
Kb2 b4 70. Rg3 Ka4 71. Rh3 Re2+ 72. Kb1 Rg2 73. Ka1 Rd2 74. Kb1 Kb5 75. Rh5+ Kc4 76. Rh3 Rd4 77. Kb2 Rg4 78. Rf3 Rg2+ 79. Kb1 Rd2 80. Rh3 Kb5 81. Kc1 Rd4 82. Kb2 Ka4 83. Rg3 Rd2+ 84. Kb1 Rd7 85. Kb2 Rc7 86. Rh3 Rg7 87. Rf3 Rg2+ 88. Kb1 Rd2 89. Rh3 Kb5 90. Rg3 Kc4 91. Kc1 Re2 92. Rh3 Re4 93. Kc2 Rg4 94. Kb2 Rg2+ 95. Kb1 Kb5 96. Rh5+ Ka4 97. Rh3 Rg5 98. Kb2 Rc5 99. Kb1 Kb5 100. Kb2 Rd5 101. Kb1 Kc4 102. Kb2 Rd4 103. Rg3 Rd2+ 104. Kc1 Ra2 105. Kb1 Rd2 106. Kc1 Rh2 107. Kb1 Rh5 108. Kb2 Re5 109. Rh3 Re2+ 110. Kb1 Rd2 111. Kc1 Rd6 112. Kb1 Rg6 113. Kb2 Rg2+ 114. Kb1 Kb5 115. Rf3 Rh2 116. Rg3 Rh4 117. Rf3 Rc4 118. Rh3 Ka4 119. Kb2 Re4 120. Rg3 b3 121. Rg8 Re2+ 122. Kb1 Re4 123. Ra8+ Kb4 124. Rb8+ Kc3 125. Rc8+ Rc4 126. Rxc4+ Kxc4 127. Kb2 Kb4 128. Kb1 Ka3 129. Ka1 b2+ 130. Kb1 Kb3 1/2-1/2

[Event "Campeonato de España Universitario Relámpago"]
[Site "Zaragoza, Spain"]
[Date "2024.04.24"]
[Round "9.2"]
[White "Fernandez Lopez, Ruben"]
[Black "Domingo Nunez, Alejandro"]
[Result "0-1"]
[TimeControl "3 min + 2 sg"]
[WhiteFideId "24518298"]
[BlackFideId "22245561"]
[WhiteElo "2262"]
[BlackElo "2252"]

1. e4 g6 2. d4 Bg7 3. Nc3 c6 4. Nf3 d5 5. h3 dxe4 6. Nxe4 Nf6 7. Nxf6+ exf6 8. Bc4 O-O 9. O-O a5 10. a4 Na6 11. c3 Nc7 12. Re1 Nd5 13. Bf1 Be6 14. Bd2 Qd6 15. Qc1 Rfe8 16. Bh6 Bf5 17. Bxg7 Kxg7 18. Nd2 Qc7 19. Nc4 Be6 20.
Ne3 Nf4 21. Qd2 Rad8 22. Qc2 Re7 23. Rad1 Red7 24. Bc4 Bxc4 25. Nxc4 c5 26. dxc5 Qxc5 27. Ne3 Nd3 28. Rf1 Qc6 29. b3 Nc5 30. c4 Na6 31. Nd5 Rxd5 32. Rde1 Rd3 33. h4 h5 34. Re7 R8d7 35. Re8 Nb4 36.
Qe2 Rxb3 37. Rb8 Rc7 38. Qd1 Rd3 39. Qe1 Rc8 40. Rxc8 Qxc8 41. Qe7 0-1

[Event "Campeonato de España Universitario Relámpago"]
[Site "Zaragoza, Spain"]
[Date "2024.04.24"]
[Round "9.3"]
[White "Cesar Maestre, Bernardo"]
[Black "Lianes Garcia, Marcos"]
[Result "0-1"]
[TimeControl "3 min + 2 sg"]
[WhiteFideId "24542547"]
[BlackFideId "32060777"]
[WhiteElo "2251"]
[BlackElo "2382"]

1. e4 g6 2. d4 Bg7 3. Nf3 c5 4. dxc5 Qa5+ 5. c3 Qxc5 6. Be3 Qa5 7. Nbd2 Nc6 8. Bc4 Nf6 9. h3 O-O 10. O-O d6 11. Qe2 a6 12. a4 Bd7 13. Bb3 Qc7 14.
Nc4 b5 15. Nb6 Rab8 16. axb5 axb5 17. Nd5 Nxd5 18. exd5 Na5 19. Bc2 b4 20. cxb4 Rxb4 21. Rfb1 Nc4 22. Ra7 Qd8 23. Bg5 Re8 24.
b3 Ne5 25. Nd2 Bb5 26. Qe3 Nd7 27.
Ne4 Bd4 28. Qg3 Bxa7 29. Nxd6 Bb8 0-1

[Event "Campeonato de España Universitario Relámpago"]
[Site "Zaragoza, Spain"]
[Date "2024.04.24"]
[Round "9.4"]
[White "Quispe Arteaga, Gabriel"]
[Black "Sanz Wawer, Daniel"]
[Result "1-0"]
[TimeControl "3 min + 2 sg"]
[WhiteFideId "32059809"]
[BlackFideId "1185543"]
[WhiteElo "2304"]
[BlackElo "2214"]

1. c4 e6 2. Nc3 d5 3. d4 Nf6 4. cxd5 exd5 5. Bg5 Nbd7 6. e3 Be7 7. Bd3 c6 8. Nge2 O-O 9. Qc2 Re8 10. O-O Nf8 11. Rab1 Ne4 12.
Bxe7 Qxe7 13. Bxe4 dxe4 14. Ng3 f5 15. f3 exf3 16. Rxf3 Ng6 17. Kh1 Nh4 18. Rf2 Be6 19. Re1 Rad8 20.
Kg1 Kh8 21. a3 Qg5 22. Qd1 Bc8 23. Nf1 c5 24. d5 Ng6 25. Ne2 Qf6 26. Nf4 Nxf4 27. exf4 Rxe1 28. Qxe1 Qd4 29. Qe7 Qf6 30.
Qxf6 gxf6 31. Rd2 Rd6 32. Ne3 b5 33. a4 a6 34. axb5 axb5 35. Rc2 c4 36.
b3 Ba6 37. bxc4 bxc4 38. Kf2 Kg7 39. Nxf5+ 1-0